 Dungeon Crawl Stone Soup version 0.31-a0-774-g0d66cbabe8 (webtiles) character file.

Game seed: 9058416124636344273

40 thriggle the Trooper (level 3, -8/29 HPs)
             Began as a Mummy Cinder Acolyte on Sept 17, 2023.
             Was a High Priest of Ignis.
             Mangled by Natasha (9 damage)
             ... on level 2 of the Dungeon.
             The game lasted 00:05:22 (859 turns).

thriggle the Trooper (Mummy Cinder Acolyte)          Turns: 859, Time: 00:05:23

Health: -8/29      AC:  2    Str: 17    XL:     3   Next: 30%
Magic:  2/6        EV: 11    Int: 15    God:    Ignis [*****.]
Gold:   57         SH:  0    Dex:  7    Spells: 4/6 levels left

rFire   . . .        e - +0 halberd
rCold   + . .        (shield currently unavailable)
rNeg    + + +        b - +0 robe
rPois   ∞            (no helmet)
rElec   .            (no cloak)
rCorr   .            (no gloves)
SInv    .            (no boots)
Will    .....        (no amulet)
Stlth   +            (no ring)
HPRegen 0.24/turn    (no ring)
MPRegen 0.10/turn

%: faith
@: no status effects
A: cold resistance 1, negative energy resistance 3, torment resistance 2, heat
vulnerability 1, in touch with death 1, no potions, faith
a: Renounce Religion, Fiery Armour, Foxfire Swarm, Rising Flame


You were on level 2 of the Dungeon.
You worshipped Ignis.
Ignis was extremely pleased with you.
You visited 1 branch of the dungeon, and saw 2 of its levels.

You collected 57 gold pieces.

Inventory:

Hand Weapons
 a - a -1 spear of flaming
 d - a +3 dagger of venom
 e - a +0 halberd (weapon)
Missiles
 f - 9 poisoned darts
Armour
 b - a +0 robe (worn)
Scrolls
 c - 2 scrolls of identify {unknown}
 g - a scroll of enchant weapon {unknown}
 h - a scroll of fear {unknown}
 i - a scroll of butterflies {unknown}
 j - a scroll of brand weapon {unknown}


   Skills:
 + Level 3.3 Fighting
 + Level 2.7 Polearms
 + Level 0.3 Dodging
 + Level 0.3 Stealth
 + Level 2.2 Spellcasting
 + Level 2.6 Fire Magic


You had 4 spell levels left.
You knew the following spells:

 Your Spells              Type           Power      Damage    Failure   Level
a - Scorch                Fire           18%        2d5       11%         2

Your spell library contained the following spells:

 Spells                   Type           Power      Damage    Failure   Level
 Sting                    Tmut/Pois      4%         1d3       22%         1
 Cigotuvi's Dreadful Rot  Necr/Pois/Air  4%         N/A       32%         2
 Poisonous Vapours        Pois/Air       2%         N/A       32%         2
 Ignite Poison            Fire/Tmut/Pois 4%         N/A       41%         3
 Mephitic Cloud           Conj/Pois/Air  1%         N/A       54%         3
 Olgreb's Toxic Radiance  Pois           1%         N/A       91%         4
 Freezing Cloud           Conj/Ice/Air   0%         6-21      99%         5
 Irradiate                Conj/Tmut      0%         3d11      99%         5
 Wereblood                Tmut           Unusable   N/A       N/A         2

Dungeon Overview and Level Annotations

Branches:
Dungeon (2/15)

Altars:

Annotations:
D:2 Natasha


Innate Abilities, Weirdness & Mutations

You are immune to poison.
Your flesh is cold resistant. (rC+)
You are immune to negative energy. (rN+++)
You are immune to unholy pain and torment.
You are vulnerable to heat. (rF-)
You are in touch with the powers of death.
You do not drink.
You have a special connection with the divine. (Faith)


Message History

Found an escape hatch in the ceiling.
Natasha hisses angrily.
Natasha mumbles some strange words.
Reach: e) +0 halberd
Press: ? - help, Dir - move target, f - kobold
Aim: a kobold, wielding a +0 dagger (about 70% to evade your +0 halberd)
You reach to attack!
You closely miss the kobold. You barely miss the kobold.
The kobold hits you with a +0 dagger.
You barely miss the kobold. The kobold closely misses you.
The cerulean imp hits you from afar with a +2 spear.
You closely miss the kobold. The kobold hits you with a +0 dagger.
Natasha wildly gestures.
Natasha glows brightly for a moment.
Natasha mumbles some strange words.
The cerulean imp hits you from afar with a +2 spear.
The kobold hits you with a +0 dagger.
Natasha mumbles some strange words.
There is an escape hatch in the ceiling here.
You barely miss the kobold. The kobold hits you with a +0 dagger.
You closely miss the kobold. The kobold barely misses you.
The kobold hits you with a +0 dagger.
* * * LOW HITPOINT WARNING * * *
You closely miss the kobold. The kobold hits you with a +0 dagger.
* * * LOW HITPOINT WARNING * * *
Casting: Scorch (safe; 11% risk of failure)
Confirm with . or Enter, or press ? or * to list all spells.
Flames lash the kobold.
You kill the kobold!
Casting: Scorch (safe; 11% risk of failure)
Confirm with . or Enter, or press ? or * to list all spells.
Flames lash the cerulean imp.
The cerulean imp is lightly wounded.
The cerulean imp's fire resistance burns away.
Natasha barely misses you.
The cerulean imp hits you from afar with a +0 spear.
* * * LOW HITPOINT WARNING * * *
You completely miss Natasha. The cerulean imp closely misses you.
Natasha claws you!
You die...
Natasha curls up and begins to purr.

..... ###.... ...... #(...
#...[ ###....#########..
#......55h@....... ####
.##...5########.# #.#.
#............#.# #...
#....######....#.#######.!.
#### #...........##...
##................
#............###..
#............# #..
#.....#.#.#### #..


You could see Natasha and 3 cerulean imps.

Vanquished Creatures
  A dart slug (D:1)
  A ball python (D:1)
  3 endoplasms (D:1)
  A giant cockroach (D:1)
  7 goblins (D:1)
  3 hobgoblins
  2 jackals (D:1)
  5 kobolds
  4 quokkas (D:1)
  2 bats (D:1)
  2 frilled lizards (D:1)
  A rat (D:1)
32 creatures vanquished.

Notes
Turn   | Place    | Note
-------+----------+-------------------------------------------
     0 | D:1      | thriggle the Mummy Cinder Acolyte began the quest for the
                  | Orb.
     0 | D:1      | Reached XP level 1. HP: 18/18 MP: 2/2
    55 | D:1      | Reached XP level 2. HP: 8/24 MP: 2/4
    95 | D:1      | Learned a level 2 spell: Scorch
   419 | D:1      | Reached XP level 3. HP: 19/29 MP: 6/6
   845 | D:2      | Noticed Natasha
   858 | D:2      | HP: 1/29 [cerulean imp/+0 spear[Natasha] (5)]
   859 | D:2      | Mangled by Natasha

Illustrated notes

Levels and vault maps discovered:
D:1:      ebering_trefoil_3fold, layout_rooms
D:2:      layout_basic, serial_corexii_hall, corexii_hall_statues_x,
          corexii_hall_statues_deadend, uniq_natasha, uniq_crazy_yiuf_cottage,
          uniq_robin

Skill      XL: |  1  2 |
---------------+-------+-----
Spellcasting   | 2 |  2.2
Fighting       | |  3.3
Polearms       | |  2.7
Dodging        | |  0.3
Stealth        | |  0.3
Fire Magic     | |  2.6

Action                     || total
---------------------------++-------
  Melee: Spear             ||    20
         Halberd           ||    68
   Cast: Scorch            ||     7
 Invoke: Fiery Armour      ||     1
 Armour: Robe              ||    67
  Dodge: Dodged            ||    53

Table legend: (Time is in decaauts)
 A = Elapsed time spent in this place.
 B = Non-inter-level travel time spent in this place.
 C = Inter-level travel time spent in this place.
 D = Time resting spent in this place.
 E = Time spent auto-exploring this place.
 F = Levels seen in this place.
 G = Mean time per level.
                   A        B        C        D        E       F      G
               +--------+--------+--------+--------+--------+-----+--------+
         Total |    884 |    858 |     26 |    131 |    373 |   2 |  442.0 |
       Dungeon |    884 |    858 |     26 |    131 |    373 |   2 |  442.0 |
               +--------+--------+--------+--------+--------+-----+--------+

Top non-repeatable levels by time:
     D:1: 790 daAuts
     D:2: 93 daAuts
